 Dungeon Sprint DCSS version 0.17-a0-1798-g879a7aa (webtiles) character file.

3276 pipel the Spear-Bearer (level 9, 0/85 HPs)
             Began as a Minotaur Skald on Sept 10, 2015.
             Was a High Priest of Okawaru.
             Slain by a 11-headed hydra (7 damage)
             ... in the Dungeon (Sprint IX: "|||||||||||||||||||||||||||||").
             The game lasted 00:08:04 (954 turns).

pipel the Spear-Bearer (Minotaur Skald)              Turns: 954, Time: 00:08:04

Health: 0/85       AC:  8    Str: 19    XL:     9   Next: 68%
Magic:  5/15       EV: 20    Int:  9    God:    Okawaru [*****.]
Gold:   0          SH:  0    Dex: 11    Spells: 5 memorised, 6 levels left

rFire  . . .     SeeInvis .     u - +4 halberd (vamp)
rCold  . . .     Clarity  .     b - +0 leather armour
rNeg   . . .     SustAt   .     (no shield)
rPois  .         Gourm    .     (helmet restricted)
rElec  .         Spirit   .     (no cloak)
rCorr  .         Warding  .     p - +0 pair of gloves
rMut   .         NoTele   +     (no boots)
MR     .....                    (no amulet)
Stlth  ++........               t - +2 ring of evasion
                                s - +2 ring of protection

@: heroism, singing, not resistant to hostile enchantments, unstealthy
A: retaliatory headbutt, horns 2
a: Heroism, Finesse, Renounce Religion, Stop Singing


You were in the Dungeon.
You worshipped Okawaru.
Okawaru was extremely pleased with you.
You were not hungry.

You visited 1 branch

Inventory:

Hand weapons
 a - a +0 spear
 u - a +4 vampiric halberd (weapon)
Armour
 b - a +0 leather armour (worn)
 p - a +0 pair of gloves (worn)
 q - a +0 helmet
 r - a +1 chain mail
 y - a +0 ring mail
Magical staves
 o - an uncursed staff of energy
Jewellery
 s - a +2 ring of protection (left hand)
 t - a +2 ring of evasion (right hand)
 x - an uncursed ring of stealth
Magical devices
 k - a wand of fireball (7)
 n - a wand of draining (3)
Scrolls
 j - 2 scrolls of blinking
 l - 5 scrolls of remove curse
 m - 2 scrolls of amnesia
 z - a scroll of fog
 A - 2 scrolls of recharging
Potions
 e - a potion of invisibility
 f - 5 potions of heal wounds
 g - 2 potions of haste
 h - 4 potions of magic
 i - 4 potions of curing
 v - a potion of cure mutation
 w - 3 potions of agility
Books
 c - a book of Battle

   Spells                             Type                      Level
   a - Infusion                       Charms                       1
   b - Shroud of Golubria             Charms/Translocation         2
   c - Song of Slaying                Charms                       2
   d - Spectral Weapon                Hexes/Charms                 3
   e - Regeneration                   Charms/Necromancy            3


   Skills:
 + Level 10.2(15.2) Fighting
 + Level 10.7(15.7) Polearms
 * Level 9.2(14.2) Armour
 + Level 8.6(13.6) Dodging
 - Level 0.5(5.5) Stealth
 - Level 4.8 Spellcasting
 - Level 4.0 Hexes
 + Level 8.3 Charms
 - Level 4.4 Necromancy
 + Level 0.9 Translocations
 + Level 2.2 Invocations
 - Level 0.1 Evocations


You had 6 spell levels left.
You knew the following spells:

 Your Spells              Type           Power        Failure   Level  Hunger
a - Infusion              Chrm           ###...       1%          1    #......
b - Spectral Weapon       Hex/Chrm       ##......     10%         3    ###....
c - Regeneration          Chrm/Necr      ##........   8%          3    ###....
d - Song of Slaying       Chrm           ###.....     1%          2    ##.....
e - Shroud of Golubria    Chrm/Tloc      ##........   10%         2    ##.....


Dungeon Overview and Level Annotations

Branches:
Dungeon (1/1)

Altars:
Cheibriados
Dithmenos
Elyvilon
Fedhas
Gozag
Kikubaaqudgha
Makhleb
Nemelex Xobeh
Okawaru
Qazlal
Ru
Sif Muna
Trog
Vehumet
Xom
Yredelemnul
Zin
The Shining One
Beogh
Jiyva
Lugonu


Innate Abilities, Weirdness & Mutations

You reflexively headbutt those who attack you in melee.
You have a pair of horns on your head.


Message History

* * * LOW HITPOINT WARNING * * *
The 11-headed hydra bites you but does no damage. x2
The 11-headed hydra closely misses you.
Unknown command.
Evoke which item? (* to show all) (? for menu, Esc to quit)
Zapping:
n - a wand of draining (4)
Press: ? - help, Shift-Dir - straight line, f/p - 11-headed hydra
Aim: a 11-headed hydra (severely wounded, lightly drained)
The bolt of negative energy hits the 11-headed hydra.
The 11-headed hydra is drained!
The 11-headed hydra is almost dead.
The bolt of negative energy hits the porcupine.
The porcupine is drained!
The porcupine is severely wounded.
This wand has 3 charges left.
The 11-headed hydra bites you.
* * * LOW HITPOINT WARNING * * *
The 11-headed hydra barely misses you.
The 11-headed hydra completely misses you.
The 11-headed hydra bites you!
You die...

▓▓▓▓▓▓▓▓▓▓▓▓▓▓▓▓▓▓▓▓▓▓▓▓▓▓▓▓▓▓▓▓▓
....)...'_____________________'..
▓▓▓▓▓▓▓▓▓▓▓▓▓▓▓▓▓▓▓▓▓▓▓▓▓▓▓▓▓▓▓▓▓
.................................
▓▓▓▓▓▓▓▓▓▓▓▓▓▓▓▓▓▓▓▓▓▓▓▓▓▓▓▓▓▓▓▓▓
....r.D@.........†......
▓▓▓▓▓▓▓▓▓▓▓▓▓▓▓▓▓▓▓▓▓▓▓▓


You could see a 11-headed hydra and a porcupine.

Vanquished Creatures
  A griffon (D)
  A black mamba (D)
  A spiny frog (D)
  2 yaks (D)
  Eustachio (D)
  A hungry ghost (D)
  3 basilisks (D)
  2 hippogriffs (D)
  2 water moccasins (D)
  3 porcupines (D)
  A centaur (D)
  A sky beast (D)
  A crocodile (D)
  3 giant frogs (D)
  A wight (D)
  A crimson imp (D)
  An orc wizard (D)
  A sheep (D)
  An adder (D)
  3 orcs (D)
  A bat zombie (D)
  A giant cockroach (D)
  A goblin (D)
  2 hobgoblins (D)
  A giant gecko zombie (D)
  A jackal zombie (D)
  A rat (D)
39 creatures vanquished.

Notes
Turn   | Place    | Note
--------------------------------------------------------------
     0 | D        | pipel the Minotaur Skald began the quest for the Orb.
     0 | D        | Reached XP level 1. HP: 18/18 MP: 1/1
    95 | D        | Noticed an orc wizard
    95 | D        | Noticed a sky beast
    99 | D        | Reached XP level 2. HP: 23/25 MP: 3/3
   100 | D        | Reached skill level 3 in Charms
   108 | D        | Killed a sky beast
   108 | D        | Reached skill level 4 in Fighting
   108 | D        | Reached XP level 3. HP: 27/34 MP: 3/5
   108 | D        | Reached XP level 4. HP: 32/41 MP: 3/6
   116 | D        | Killed an orc wizard
   125 | D        | Found a glowing silver altar of Zin.
   125 | D        | Found a glowing golden altar of the Shining One.
   125 | D        | Found an ancient bone altar of Kikubaaqudgha.
   125 | D        | Found a basalt altar of Yredelemnul.
   125 | D        | Found a shimmering altar of Xom.
   125 | D        | Found a radiant altar of Vehumet.
   126 | D        | Found an iron altar of Okawaru.
   127 | D        | Found a burning altar of Makhleb.
   128 | D        | Found a deep blue altar of Sif Muna.
   129 | D        | Found a bloodstained altar of Trog.
   130 | D        | Found a sparkling altar of Nemelex Xobeh.
   131 | D        | Found a white marble altar of Elyvilon.
   132 | D        | Found a roughly hewn altar of Beogh.
   133 | D        | Found a viscous altar of Jiyva.
   134 | D        | Became a worshipper of Warmaster Okawaru
   135 | D        | Found a corrupted altar of Lugonu.
   136 | D        | Found a blossoming altar of Fedhas.
   137 | D        | Found a snail-covered altar of Cheibriados.
   138 | D        | Found a shadowy altar of Dithmenos.
   139 | D        | Found a stormy altar of Qazlal.
   140 | D        | Found an opulent altar of Gozag.
   141 | D        | Found a sacrificial altar of Ru.
   190 | D        | Learned a level 3 spell: Spectral Weapon
   194 | D        | Learned a level 3 spell: Regeneration
   396 | D        | Noticed a yak
   396 | D        | Noticed a giant frog
   396 | D        | Noticed a crimson imp
   396 | D        | Noticed a giant frog
   402 | D        | Killed a giant frog
   402 | D        | Reached skill level 5 in Fighting
   402 | D        | Reached skill level 5 in Polearms
   402 | D        | Reached skill level 5 in Charms
   402 | D        | Reached XP level 5. HP: 21/48 MP: 1/8
   408 | D        | Killed a giant frog
   413 | D        | Killed a yak
   413 | D        | Acquired Okawaru's first power
   413 | D        | Reached skill level 6 in Fighting
   413 | D        | Reached XP level 6. HP: 18/58 MP: 2/10
   430 | D        | Killed a crimson imp
   430 | D        | Reached skill level 7 in Polearms
   635 | D        | Noticed a centaur
   635 | D        | Noticed a wight
   635 | D        | Noticed a griffon
   635 | D        | Noticed a hungry ghost
   640 | D        | Killed a hungry ghost
   640 | D        | Reached skill level 1 in Hexes
   640 | D        | Reached skill level 1 in Necromancy
   640 | D        | Reached XP level 7. HP: 63/66 MP: 2/12
   645 | D        | Killed a griffon
   645 | D        | Reached skill level 8 in Polearms
   645 | D        | Reached skill level 5 in Armour
   645 | D        | Reached skill level 5 in Dodging
   648 | D        | Killed a wight
   656 | D        | Killed a centaur
   656 | D        | Reached XP level 8. HP: 56/74 MP: 4/14
   726 | D        | Noticed Eustachio
   738 | D        | Killed Eustachio
   812 | D        | Learned a level 2 spell: Song of Slaying
   815 | D        | Learned a level 2 spell: Shroud of Golubria
   819 | D        | Noticed a porcupine
   819 | D        | Noticed a water moccasin
   819 | D        | Noticed a yak
   819 | D        | Noticed a hippogriff
   819 | D        | Noticed a basilisk
   819 | D        | Noticed a porcupine
   821 | D        | Killed a porcupine
   822 | D        | Noticed a water moccasin
   823 | D        | Killed a basilisk
   825 | D        | Noticed a spiny frog
   828 | D        | Noticed a black mamba
   831 | D        | Killed a hippogriff
   832 | D        | Killed a yak
   832 | D        | Reached skill level 1 in Invocations
   839 | D        | Killed a water moccasin
   839 | D        | Reached skill level 9 in Fighting
   842 | D        | Killed a porcupine
   843 | D        | Killed a water moccasin
   843 | D        | Reached XP level 9. HP: 83/83 MP: 2/15
   847 | D        | Killed a spiny frog
   849 | D        | Killed a black mamba
   938 | D        | Noticed a giant frog
   938 | D        | Noticed a basilisk
   938 | D        | Noticed a crocodile
   938 | D        | Noticed a basilisk
   938 | D        | Noticed a hippogriff
   940 | D        | Killed a hippogriff
   940 | D        | Reached skill level 10 in Polearms
   941 | D        | Noticed a six-headed hydra
   942 | D        | Killed a basilisk
   942 | D        | Acquired Okawaru's second power
   942 | D        | Reached skill level 10 in Fighting
   945 | D        | Killed a crocodile
   946 | D        | Noticed a porcupine
   947 | D        | Killed a basilisk
   952 | D        | Noticed a porcupine
   952 | D        | Killed a giant frog
   953 | D        | Killed a porcupine
   953 | D        | Received a gift from Okawaru
   954 | D        | Slain by a 11-headed hydra

Vault maps used:
D:        linesprint

Action                   |  1- 3 |  4- 6 |  7- 9 || total
-------------------------+-------+-------+-------++-------
Melee: Spear             |    30 |    34 |       ||    64
       Halberd           |       |     5 |    56 ||    61
 Cast: Spectral Weapon   |       |     2 |     4 ||     6
       Regeneration      |       |     1 |     1 ||     2
       Shroud of Golubri |       |       |     2 ||     2
       Song of Slaying   |       |       |     2 ||     2
Invok: Heroism           |       |       |     2 ||     2
Evoke: Wand              |       |     1 |     3 ||     4
  Use: Potion            |     2 |       |       ||     2
       Scroll            |       |       |     2 ||     2
  Eat: Bread ration      |       |     1 |       ||     1
       Chunk             |       |       |     3 ||     3
